[Event "*** Titled Tuesday Blitz"]
[Site "Chess.com"]
[Date "2019.05.07"]
[Round "3"]
[White "Rodalquilar"]
[Black "Swarnapuri"]
[Result "1-0"]
[WhiteElo "2564"]
[BlackElo "2659"]
[TimeControl "180+2"]
[EndTime "13:39:50 PDT"]
[Termination "Rodalquilar won by resignation"]

1. d4 Nc6 2. Nf3 d5 3. c4 Bg4 4.
Bf4 e6 5. Nc3 Bb4 6. e3 Nf6 7. Be2 O-O 8. Qb3 Ne4 9. O-O Bxc3 10.
bxc3 Bxf3 11. Bxf3 Nd2 12. Qxb7 Na5 13. Qxc7 Nxf1 14.
Qxd8 Rfxd8 15. Bc7 Nd2 16. Bxa5 Rdc8 17. cxd5 Nxf3+ 18. gxf3 exd5 19. e4 Rab8 20. a4 Rb7 21. Rc1 Rd7 22. Rb1 f6 23. Rb5 Kf7 24. exd5 a6 25.
Rb6 Rc4 26. Bb4 a5 27. Bxa5 Rxa4 28. Rb5 Re7 29. Bb4 Re1+ 30. Kg2 g5 31. d6 Raa1 32. d7 Rg1+ 33. Kh3 Ra8 34. Ba5 Ke7 35. Rd5 Rxa5 36. Rxa5 Kxd7 37. Ra6 Ke7 38. d5 Rd1 39. c4 Rd4 40. Rc6 h5 41. Kg2 Rd3 42. Re6+ Kf7 43.
Re3 Rd4 44. Re4 Rd3 45. f4 g4 46. f5 Rd2 47. Kf1 Rd1+ 48. Ke2 Rh1 49. d6 Ra1 50. d7 Ra8 51. c5 1-0

[Event "*** Titled Tuesday Blitz"]
[Site "Chess.com"]
[Date "2019.05.07"]
[Round "3"]
[White "ChristopherYoo"]
[Black "riconaipe"]
[Result "1-0"]
[WhiteElo "2711"]
[BlackElo "2443"]
[TimeControl "180+2"]
[EndTime "13:39:51 PDT"]
[Termination "ChristopherYoo won by resignation"]

1. e4 c6 2. Nc3 d5 3. d3 g6 4. Nf3 Bg7 5. Bd2 Bg4 6. h3 Bxf3 7. Qxf3 e6 8. O-O-O Nd7 9. Qe2 d4 10. Nb1 e5 11. f4 Qe7 12. g3 O-O-O 13. Bg2 h5 14. h4 Kb8 15. Bh3 Nh6 16. Rdf1 Nf6 17.
fxe5 Nfg4 18. Bg5 Qc7 19. Bxd8 Rxd8 20. Bxg4 Nxg4 21. Nd2 Bxe5 22. Rhg1 Bxg3 23. Qf3 Bxh4 24. Qxf7 Bg5 25. Qxc7+ Kxc7 26. Rf7+ Rd7 27. Rgf1 Ne5 28.
Rxd7+ Kxd7 29. Kd1 Bxd2 30. Kxd2 g5 31. Rf5 Ke6 32. Ke2 Nf7 33. c3 dxc3 34. bxc3 b6 35. a4 c5 36. d4 Nd6 37. Rxg5 h4 38. Rh5 Kd7 39. Kf3 Nc4 40. Rxh4 Nd2+ 41. Kf4 Nb1 42. Rh7+ Kc6 43. d5+ Kd6 44. c4 1-0

[Event "*** Titled Tuesday Blitz"]
[Site "Chess.com"]
[Date "2019.05.07"]
[Round "3"]
[White "eldur16"]
[Black "plouarzel"]
[Result "1-0"]
[WhiteElo "2532"]
[BlackElo "2579"]
[TimeControl "180+2"]
[EndTime "13:39:52 PDT"]
[Termination "eldur16 won by resignation"]

1. d4 d6 2. e4 Nf6 3. Nc3 e5 4.
Nf3 Nbd7 5. Bc4 exd4 6. Nxd4 Nb6 7. Bd3 Be7 8. O-O O-O 9. Re1 c6 10. h3 Re8 11. a4 a5 12. Qf3 Nbd7 13. Nf5 Ne5 14.
Nxe7+ Qxe7 15. Qg3 Nh5 16. Qg5 Qxg5 17. Bxg5 h6 18.
Be3 Nf6 19. f4 Nxd3 20. cxd3 d5 21. Bd4 Be6 22. Bxf6 gxf6 23. f5 Bd7 24. exd5 Bxf5 25. dxc6 bxc6 26. Rf1 Bxd3 27. Rxf6 Re6 28. Rxe6 fxe6 29.
Rd1 Bc2 30. Rd6 Kf7 31. Rxc6 Rb8 32. Rc5 Rxb2 33. Rxa5 Rb3 34. Rc5 Ra3 35. a5 Ke7 36. Rc7+ Kd8 37. Rc5 Kd7 38. Kf2 Bd3 39. g3 Kd6 40.
Nb5+ Bxb5 41. Rxb5 e5 42. Rb6+ Kd5 43. Rxh6 Rxa5 44.
Kf3 Ra3+ 45. Kg4 e4 46. Rh8 Rf3 47. h4 Rf7 48. Rd8+ Ke5 49. Re8+ Kd4 50. h5 Rg7+ 51.
Kh4 e3 52. g4 Kd3 53. h6 Rh7 54. Kh5 e2 55. g5 Rh8 56. Rxe2 Kxe2 57. g6 Kf3 58. g7 Ra8 59. h7 Ra5+ 60. Kg6 Ra6+ 61. Kf7 Ra7+ 62. Kf6 Ra6+ 63. Ke5 Ra5+ 64. Kd4 Ra4+ 65.
Kc3 Ra3+ 66. Kb4 1-0

[Event "*** Titled Tuesday Blitz"]
[Site "Chess.com"]
[Date "2019.05.07"]
[Round "3"]
[White "Veiso"]
[Black "LastHeroJr"]
[Result "1-0"]
[WhiteElo "2365"]
[BlackElo "2473"]
[TimeControl "180+2"]
[EndTime "13:39:52 PDT"]
[Termination "Veiso won by resignation"]

1. d4 Nf6 2. Nf3 g6 3. c4 Bg7 4. Nc3 O-O 5. e4 d6 6. Be2 e5 7. Be3 Ng4 8. Bg5 f6 9. Bc1 f5 10. Bg5 Qe8 11. dxe5 Nxe5 12. O-O Nbc6 13. Nd5 Qf7 14.
exf5 Bxf5 15. Nxe5 Bxe5 16. Qd2 Rae8 17. Rad1 Nd4 18. Bd3 Bxd3 19. Qxd3 c6 20. Ne3 Bg7 21. Ng4 Nf5 22. b3 Re6 23. Ne3 Nd4 24. Bh4 Rfe8 25.
Bg3 g5 26. h3 h5 27. h4 gxh4 28. Bxh4 Rg6 29. f4 c5 30. f5 Rg4 31. Nxg4 hxg4 32. f6 Bh6 33. Rde1 Rxe1 34. Rxe1 Qh5 35. Re7 Bf8 36. g3 Bxe7 37. fxe7 Nf3+ 38. Kf2 Nxh4 39. gxh4 Qf7+ 40. Kg3 Qxe7 41. Qg6+ Kf8 42. Kxg4 Qe2+ 43.
Kg5 Qe3+ 44. Kh5 Qe5+ 45. Kh6 Qh8+ 46. Kg5 Qe5+ 47. Qf5+ Qxf5+ 48. Kxf5 Ke7 49. h5 Kf7 50. h6 a6 51. h7 Kg7 52. Ke6 Kxh7 53. Kxd6 1-0

[Event "*** Titled Tuesday Blitz"]
[Site "Chess.com"]
[Date "2019.05.07"]
[Round "3"]
[White "Witik"]
[Black "Vamostodorecto"]
[Result "1/2-1/2"]
[WhiteElo "2604"]
[BlackElo "2416"]
[TimeControl "180+2"]
[EndTime "13:39:53 PDT"]
[Termination "Game drawn by repetition"]

1. d4 Nf6 2. c4 g6 3. Nc3 d5 4. cxd5 Nxd5 5. e4 Nxc3 6. bxc3 Bg7 7. Bg5 c5 8. Rc1 Qa5 9. Qd2 b6 10. d5 Nd7 11. Nf3 Bb7 12. c4 Qxd2+ 13. Kxd2 h6 14. Be3 e6 15. Bd3 exd5 16. exd5 f5 17. h4 O-O 18.
Bf4 Nf6 19. Rhe1 Rae8 20. Ne5 Ne4+ 21. Bxe4 Bxe5 22. Bxe5 Rxe5 23. Bf3 Rfe8 24. Rxe5 Rxe5 25. a4 Re8 26. a5 Rd8 27. Rb1 Rd6 28. Ke3 Kf7 29.
axb6 axb6 30. Ra1 g5 31. hxg5 hxg5 32. Ra7 Rd7 33. d6 Bc6 34. Rc7 Ba4 35. Bd5+ Kf6 36.
f4 gxf4+ 37. Kxf4 Rxd6 38. Rf7+ Kg6 39. Rxf5 Rf6 40. g4 Rxf5+ 41. gxf5+ Kf6 42. Be6 Bb3 43. Ke4 Bc2+ 44. Kf4 Bd3 45. Kg4 Be2+ 46. Kf4 Bd3 47. Kg4 Be2+ 48. Kf4 Bd3 49. Kg4 Be2+ 50. Kf4 Bd3 51. Kg4 Be2+ 1/2-1/2

[Event "*** Titled Tuesday Blitz"]
[Site "Chess.com"]
[Date "2019.05.07"]
[Round "3"]
[White "KRASAVCHIK2002"]
[Black "Fins0905"]
[Result "1-0"]
[WhiteElo "2344"]
[BlackElo "2673"]
[TimeControl "180+2"]
[EndTime "13:39:55 PDT"]
[Termination "KRASAVCHIK2002 won by checkmate"]

1. e4 d5 2. exd5 Qxd5 3. Nc3 Qa5 4. d4 Nf6 5. Nf3 c6 6. Ne5 Be6 7. Bd3 g6 8. O-O Bg7 9. Re1 O-O 10. f3 Nbd7 11. a3 Nxe5 12. dxe5 Nd5 13. Bd2 Rfd8 14. Qe2 Qb6+ 15. Kh1 Qxb2 16. Nxd5 Rxd5 17. f4 Qb6 18. a4 Rd7 19. a5 Qc7 20. Be3 c5 21. Be4 Bd5 22.
Qf3 e6 23. a6 b6 24. c4 Bxe4 25. Qxe4 Rad8 26. Kg1 Rd3 27. Qb7 R8d7 28. Qf3 h5 29.
Red1 Qd8 30. Re1 Kh7 31. h3 Rc3 32. Qe4 Rdd3 33. Bf2 Rc2 34. Rf1 Rdd2 35. Rad1 Rxd1 36. Qxc2 Rd3 37. Qe2 Rd2 38. Qe4 Qd7 39. Qb7 Bh6 40. Bh4 Rd4 41. Be7 Bxf4 42. Rxf4 Rd1+ 43. Kh2 Qd2 44.
Rxf7+ Kh6 45. Bf8+ Kg5 46. Qe7# 1-0

[Event "*** Titled Tuesday Blitz"]
[Site "Chess.com"]
[Date "2019.05.07"]
[Round "3"]
[White "GMsKoRPioN"]
[Black "Chessialist"]
[Result "0-1"]
[WhiteElo "2583"]
[BlackElo "2570"]
[TimeControl "180+2"]
[EndTime "13:40:01 PDT"]
[Termination "Chessialist won by resignation"]

1. d4 Nf6 2. c4 e6 3. Nc3 c5 4. d5 exd5 5. cxd5 d6 6. e4 g6 7. f4 Bg7 8. Bb5+ Nfd7 9. a4 Qh4+ 10. g3 Qd8 11. Nf3 O-O 12. O-O a6 13. Bc4 Re8 14. Re1 b6 15. Bd2 Ra7 16. Qc2 Rc7 17. Re2 Nf8 18. Ree1 Bg4 19. Be2 Rce7 20. Ng5 Bxe2 21.
Rxe2 Nbd7 22. Rae1 Qc7 23. Be3 h6 24. Nf3 Bxc3 25. bxc3 Rxe4 26. Bf2 Rxe2 27. Rxe2 Rxe2 28. Qxe2 Nf6 29. f5 Nxd5 30. fxg6 Nxg6 31. Qxa6 Nxc3 32.
Qa8+ Kg7 33. Nh4 Nxh4 34. gxh4 d5 35. Be1 Ne2+ 36. Kf1 Qe5 37. Qc8 h5 38. Qh3 Nf4 39. Qf3 Ng6 40. Bf2 Qa1+ 41. Kg2 Qxa4 42. Qxd5 Qg4+ 43.
Kf1 Qh3+ 44. Kg1 Qg4+ 45. Kf1 Qe6 46. Qxh5 Qc4+ 47. Kg1 Qc1+ 48. Kg2 Nf4+ 0-1

[Event "*** Titled Tuesday Blitz"]
[Site "Chess.com"]
[Date "2019.05.07"]
[Round "3"]
[White "2165149677570"]
[Black "FearlessKing64"]
[Result "1-0"]
[WhiteElo "2343"]
[BlackElo "2186"]
[TimeControl "180+2"]
[EndTime "13:40:03 PDT"]
[Termination "2165149677570 won by resignation"]

1. e4 c5 2. Nf3 d6 3. Bb5+ Nd7 4. a4 a6 5. Be2 g6 6. a5 Bg7 7. O-O Ngf6 8. Nc3 O-O 9. d3 Nb8 10. e5 dxe5 11. Nxe5 Nd5 12. Nxd5 Qxd5 13. Nc4 Qd8 14. Bf3 Qc7 15. Re1 Be6 16. Nb6 Ra7 17. Bd5 Be5 18. g3 Bxd5 19. Nxd5 Qd6 20. Nb6 Nc6 21. Nc4 Qc7 22. Nxe5 Nxe5 23. Bh6 Re8 24. Bf4 f6 25. c3 Rd8 26. Qe2 Qd6 27. Rad1 b5 28. d4 cxd4 29.
cxd4 Qc7 30. dxe5 Qxa5 31. exf6 exf6 32. Qe6+ Kg7 33. Rxd8 Qxd8 34. Bd6 Rd7 35. Bb4 h5 36. Bc3 Rf7 37. Rc1 a5 38. b4 a4 39. Re1 Qd7 40.
Bxf6+ Kh7 41. Qe5 Qd2 42. Qe6 Qd7 43. Qxd7 Rxd7 44. Re7+ Rxe7 45. Bxe7 Kg7 46. Kf1 a3 47. Bc5 Kf7 48. Ke2 Ke6 49. Kd3 Kd5 50. Kc2 Kc4 51. h3 Kd5 52. Kb3 h4 53. Kxa3 hxg3 54. fxg3 1-0

[Event "*** Titled Tuesday Blitz"]
[Site "Chess.com"]
[Date "2019.05.07"]
[Round "3"]
[White "Durarbayli"]
[Black "Elshan1985"]
[Result "0-1"]
[WhiteElo "2749"]
[BlackElo "2782"]
[TimeControl "180+2"]
[EndTime "13:40:06 PDT"]
[Termination "Elshan1985 won by resignation"]

1. e4 e5 2. Nf3 Nc6 3. Bb5 a6 4. Ba4 Nf6 5. d3 b5 6. Bb3 Be7 7. Nbd2 d6 8. a4 Bd7 9. c3 O-O 10. Nf1 Na5 11. Bc2 c5 12. Ng3 b4 13. O-O Rb8 14.
h3 Qc7 15. Nh4 bxc3 16. bxc3 Nxe4 17. Nhf5 Bxf5 18. Nxf5 Nxc3 19. Nxe7+ Qxe7 20. Qe1 Nb3 21. Qxc3 Nxa1 22. Qxa1 Qe6 23. Re1 f6 24. f4 Kh8 25.
Bd2 Qd5 26. Kh1 Rfc8 27. fxe5 dxe5 28. Bc3 c4 29. d4 exd4 30. Bxd4 c3 31. Qd1 Rb4 32. Qd3 Qh5 33. g4 Qh4 34. Qxc3 Rbb8 35. Qe3 h5 36. Bg6 hxg4 37. Re2 Qxh3+ 38. Qxh3+ gxh3 39. Kh2 Kg8 40. Kxh3 Kf8 41. a5 Rc4 42. Bb6 Rbc8 43.
Kg3 Rc3+ 44. Kg4 R3c4+ 45. Kf5 Rc1 46. Rd2 Rg1 47. Ke4 Rxg6 48. Kf5 Rg5+ 49. Kf4 Rb5 50. Rd7 Rb8 51. Bc7 Re8 52. Bd6+ Kg8 53. Bc7 Rb4+ 54.
Kf5 Rb5+ 55. Kf4 Ree5 56. Bxe5 Rxe5 57. Rd8+ Kh7 0-1

[Event "*** Titled Tuesday Blitz"]
[Site "Chess.com"]
[Date "2019.05.07"]
[Round "3"]
[White "LonesomeGeorge1"]
[Black "norwaytoadog"]
[Result "0-1"]
[WhiteElo "2370"]
[BlackElo "2250"]
[TimeControl "180+2"]
[EndTime "13:40:06 PDT"]
[Termination "norwaytoadog won by resignation"]

1. e4 e5 2. Nf3 Nc6 3. Bb5 a6 4. Ba4 Nf6 5. Qe2 b5 6. Bb3 Be7 7. c3 O-O 8. O-O d6 9. Rd1 Na5 10. Bc2 c5 11. d4 Qc7 12. d5 Bd7 13. b3 Nb7 14. h3 a5 15. a4 bxa4 16. bxa4 c4 17. Na3 Rfc8 18. Rb1 Nc5 19. Nb5 Bxb5 20. Rxb5 Ncd7 21. Ba3 Rab8 22. Rdb1 Rxb5 23. Rxb5 Nc5 24.
Bxc5 dxc5 25. Nd2 Ne8 26. Nxc4 Nd6 27. Nxd6 Bxd6 28. Bd3 c4 29. Bc2 Bc5 30. g3 Qd6 31.
Kg2 Qf6 32. Qf3 Qe7 33. Qg4 Rf8 34. Bd1 g6 35. Be2 f5 36. Qh4 Qf7 37. Rxc5 fxe4 38.
g4 e3 39. fxe3 Qa7 40. Rb5 Qxe3 41. Rb2 Qe4+ 42. Kh2 Qe3 43. Bd1 Qxc3 44. Rg2 Qd4 45. Be2 c3 46. Qg3 c2 47. Qa3 Qf4+ 48. Rg3 c1=Q 49.
Qxc1 0-1

[Event "*** Titled Tuesday Blitz"]
[Site "Chess.com"]
[Date "2019.05.07"]
[Round "3"]
[White "Shahinyan_ChessMood"]
[Black "SantoBlue"]
[Result "1-0"]
[WhiteElo "2751"]
[BlackElo "2784"]
[TimeControl "180+2"]
[EndTime "13:40:07 PDT"]
[Termination "Shahinyan_ChessMood won by resignation"]

1. c4 Nf6 2. Nc3 e5 3. Nf3 Nc6 4.
e4 d6 5. d3 Be7 6. h3 Nd7 7.
g3 Nc5 8. Nd5 O-O 9. Bg2 f5 10.
Qe2 a5 11. Be3 fxe4 12. dxe4 Nxe4 13. Nxe5 dxe5 14. Bxe4 Nd4 15. Bxd4 exd4 16. Nxe7+ Kh8 17. Nd5 Re8 18. O-O-O c6 19. Nf4 Bf5 20. f3 Bxe4 21. fxe4 Qg5 22. Rxd4 Qxg3 23. Nd3 Qg5+ 24. Kb1 a4 25. e5 a3 26. b3 Re6 27. Rg4 Qe7 28.
Rhg1 Rg8 29. Qe1 Rh6 30. Nf4 Qf7 31. Qe4 Qd7 32. e6 Qe7 33. Qe5 Rf6 34. Nh5 Rxe6 35. Rxg7 Rxg7 36. Qxg7+ Qxg7 37. Nxg7 Re5 38. Rg2 h6 39. Kc2 Kh7 40. Kd3 c5 41. h4 b6 42.
Rg3 Kh8 43. Rg4 Kh7 44. Re4 Rxe4 45. Kxe4 Kxg7 46. Kf5 Kf7 47. h5 Ke7 48. Kg6 Ke6 49. Kxh6 Ke5 50. Kg5 Kd4 51. h6 Kc3 52. h7 Kb2 53.
h8=Q+ Kxa2 54. Qc3 Kb1 55. b4 cxb4 56. Qxb4+ Ka2 57.
Qxb6 Ka1 1-0

[Event "*** Titled Tuesday Blitz"]
[Site "Chess.com"]
[Date "2019.05.07"]
[Round "3"]
[White "VSERGUEI"]
[Black "bugsbunny444"]
[Result "1-0"]
[WhiteElo "2594"]
[BlackElo "2557"]
[TimeControl "180+2"]
[EndTime "13:40:07 PDT"]
[Termination "VSERGUEI won by resignation"]

1. d4 e6 2. c4 b6 3. e4 Bb7 4. Bd3 Bb4+ 5. Bd2 Bxd2+ 6. Nxd2 Nc6 7. Ngf3 Qf6 8. e5 Qf4 9. g3 Qh6 10. O-O f6 11. Re1 Nge7 12. exf6 Qxf6 13. Ne4 Qh6 14. d5 exd5 15. cxd5 Nd8 16. Neg5 Bxd5 17. Be4 Bxe4 18. Rxe4 Nc6 19. Ne5 O-O-O 20. Ngf7 Qf6 21. Nxc6 Nxc6 22. Nxh8 Rxh8 23. Qe2 Kb7 24. Rd1 Rd8 25. b4 d5 26.
Rf4 Qc3 27. b5 Na5 28. Qf3 Qc5 29. Rf5 Qxb5 30. Rfxd5 Rxd5 31. Qxd5+ Ka6 32. Qxb5+ Kxb5 33. Rd7 c5 34. Rxg7 c4 35. Rc7 Nc6 36. Kf1 Kc5 37. f4 h5 38. f5 Kd6 39. Rh7 Ke5 40. Rxh5 Nd4 41. Ke1 b5 42. g4 b4 43. Rh7 a5 44.
Ra7 Nc6 45. Ra6 Kd5 46. f6 b3 47. axb3 cxb3 48. Kd1 b2 49. Rb6 Nb4 50. Rxb4 axb4 51.
Kc2 Ke6 52. g5 1-0

[Event "*** Titled Tuesday Blitz"]
[Site "Chess.com"]
[Date "2019.05.07"]
[Round "3"]
[White "Lagravesamuell"]
[Black "2nd_life"]
[Result "0-1"]
[WhiteElo "2618"]
[BlackElo "2425"]
[TimeControl "180+2"]
[EndTime "13:40:10 PDT"]
[Termination "2nd_life won by resignation"]

1. d4 Nf6 2. c4 e6 3. g3 c5 4. d5 exd5 5. cxd5 d6 6. Nc3 g6 7. Bg2 Bg7 8. Nf3 O-O 9. O-O Re8 10. Bf4 Ne4 11. Nxe4 Rxe4 12. Nd2 Rxf4 13. gxf4 Bxb2 14. Rb1 Bg7 15. e4 Nd7 16. Nc4 Nb6 17. Nxb6 axb6 18. Qb3 Qf6 19. Qxb6 Qxf4 20. Qd8+ Bf8 21. Rb3 Kg7 22.
Re3 Qe5 23. Kh1 Be7 24. Qc7 Bg5 25. f4 Bxf4 26. Rxf4 Qxf4 27. Rf3 Qe5 28. Rxf7+ Kh6 29. Rxh7+ Kg5 30. Rf7 Bf5 31. Qe7+ Qxe7 32. Rxe7 Rxa2 33.
h4+ Kf6 34. Rxb7 Rxg2 35. Kxg2 Bxe4+ 36. Kg3 Bxd5 37. Rb6 Ke5 38. Kg4 Be4 39. Rb8 c4 40. Kg3 c3 41. Kf2 d5 42. Ke3 d4+ 43. Ke2 d3+ 44. Ke3 d2 45. Re8+ Kf6 46. Rd8 Bc2 47.
Rxd2 cxd2 48. Kxd2 Kf5 49. Ke3 Kg4 50. h5 Kxh5 51.
Kf4 g5+ 0-1

[Event "*** Titled Tuesday Blitz"]
[Site "Chess.com"]
[Date "2019.05.07"]
[Round "3"]
[White "JonahWillow"]
[Black "AryanTari"]
[Result "0-1"]
[WhiteElo "2719"]
[BlackElo "2869"]
[TimeControl "180+2"]
[EndTime "13:40:17 PDT"]
[Termination "AryanTari won by resignation"]

1. e4 c6 2. d4 d5 3. Nc3 dxe4 4. Nxe4 Bf5 5. Nc5 b6 6. Nb3 Nf6 7. Nf3 e6 8. g3 Be7 9. Bg2 O-O 10. Ne5 Be4 11. Bxe4 Nxe4 12. Qf3 f5 13. O-O Bf6 14. Bf4 c5 15. Rad1 Qc8 16. Nc4 Nc6 17. Nd6 Nxd6 18. Bxd6 c4 19. Bxf8 cxb3 20. cxb3 Nxd4 21. Rxd4 Bxd4 22.
Ba3 Rb8 23. Rd1 Qd7 24. Bb4 Rd8 25. Kg2 Qd5 26. Bc3 e5 27. Qxd5+ Rxd5 28. f4 Rd6 29. Rd2 Kf7 30. Kf1 Ke6 31. fxe5 Bxe5 32. Re2 Rd5 33. Kg2 a5 34. Kf3 g5 35. h4 h6 36.
hxg5 hxg5 37. a3 Kd6 38. Bxe5+ Rxe5 39. Rd2+ Rd5 40. Rc2 Rd3+ 41. Kf2 Rxb3 42. Rd2+ Ke5 43. Re2+ Kf6 44. Rc2 a4 45. Kg2 g4 46. Kf2 b5 47.
Kg2 Ke5 48. Kf2 Ke4 49. Rd2 Rd3 50. Rc2 Kd4 51. Kg2 Rb3 52. Rf2 Kd3 53. Rxf5 Rxb2+ 54. Kf1 b4 55. axb4 a3 56. Ra5 a2 57. Ra3+ Kc4 0-1

[Event "*** Titled Tuesday Blitz"]
[Site "Chess.com"]
[Date "2019.05.07"]
[Round "3"]
[White "EuropeanChampion"]
[Black "ilm2034"]
[Result "1/2-1/2"]
[WhiteElo "2354"]
[BlackElo "2411"]
[TimeControl "180+2"]
[EndTime "13:40:17 PDT"]
[Termination "Game drawn - insufficient material"]

1. d4 Nf6 2. Nc3 d5 3. Bf4 e6 4.
e3 Bd6 5. Bd3 Bxf4 6. exf4 c5 7.
dxc5 Qa5 8. Bb5+ Bd7 9. a4 a6 10. Bxd7+ Nbxd7 11. Qd4 Qxc5 12. Nf3 O-O 13. Qxc5 Nxc5 14.
Ne2 Nfe4 15. Ned4 Rac8 16. O-O Rfe8 17. Rfe1 Nd6 18. Ne5 f6 19. Nd3 Kf7 20. Nxc5 Rxc5 21. Rad1 Rc4 22. b3 Rc3 23. f3 g6 24. Rd2 Nf5 25. Nxf5 gxf5 26. Rde2 Rc6 27. Rd1 Rec8 28.
Rdd2 b5 29. axb5 axb5 30. Kf2 Ra8 31. g4 fxg4 32. fxg4 Ra2 33. f5 e5 34. Rxd5 Rcxc2 35. Rxc2 Rxc2+ 36. Kg1 b4 37. Rb5 Rc1+ 38. Kg2 Rc2+ 39.
Kg1 Rc1+ 40. Kf2 Rc2+ 41. Kg1 Rc1+ 42. Kf2 Rc2+ 43. Kg1 Rc1+ 44. Kg2 Rc2+ 45. Kh1 e4 46. Rb7+ Ke8 47. Rxb4 Re2 48. Kg1 e3 49. Re4+ Kd7 50. Kf1 Rf2+ 51. Ke1 Rxh2 52. Rxe3 Rg2 53. Re4 Rb2 54. b4 Kd6 55. Re6+ Kd5 56. Rxf6 Rxb4 57. g5 Rg4 58. g6 hxg6 59. fxg6 Ke5 60. Ra6 Kf5 61.
Kf2 Rxg6 62. Rxg6 Kxg6 1/2-1/2

[Event "*** Titled Tuesday Blitz"]
[Site "Chess.com"]
[Date "2019.05.07"]
[Round "3"]
[White "OneTrickPony_82"]
[Black "Kimster98"]
[Result "1-0"]
[WhiteElo "2348"]
[BlackElo "2619"]
[TimeControl "180+2"]
[EndTime "13:40:21 PDT"]
[Termination "OneTrickPony_82 won by resignation"]

1. d4 Nf6 2. c4 e6 3. Nf3 b6 4.
g3 Bb7 5. Bg2 Bb4+ 6. Bd2 a5 7.
O-O O-O 8. Bf4 Be7 9. Nc3 Ne4 10. Nb5 Na6 11. Nd2 Nxd2 12. Bxb7 Nxf1 13. Bxa8 Nxg3 14. hxg3 Qxa8 15. Nxc7 Nxc7 16. Bxc7 Qc6 17. Bf4 Qxc4 18. Rc1 Qb5 19. b3 Ra8 20. a4 Qd5 21. Qd3 Bd8 22.
e4 Qb7 23. Qc2 d5 24. f3 h6 25. Bd6 b5 26. e5 Bb6 27. Qc3 b4 28. Qd3 Rc8 29.
Bc5 Bxc5 30. dxc5 d4 31. Kg2 Qd5 32. Rc4 Rxc5 33. Rxd4 Rc2+ 34. Kh3 Rc5 35. Rxd5 Rxd5 36. Qe3 Kh7 37. f4 g6 38. Qb6 Kg7 39. Qc7 h5 40.
Qe7 Kg8 41. Qc7 Kg7 42. Kg2 Rd2+ 43. Kf3 Rd3+ 44. Ke4 Rd5 45. Qc6 Rd1 46. Qc5 Rb1 47. Qxa5 Rxb3 48. Qb6 Rb1 49. Kd3 b3 50. Kc3 b2 51.
Qxb2 Rg1 52. a5 Rxg3+ 53. Kd4 Rf3 54. Ke4 Rf1 55. a6 Re1+ 56. Kf3 Rf1+ 57. Kg2 Rxf4 58. a7 Ra4 59. Qb7 Ra2+ 60. Kf1 Ra3 61. a8=Q 1-0

[Event "*** Titled Tuesday Blitz"]
[Site "Chess.com"]
[Date "2019.05.07"]
[Round "3"]
[White "Oleg_Papayan"]
[Black "HansCoolNiemann"]
[Result "0-1"]
[WhiteElo "2533"]
[BlackElo "2507"]
[TimeControl "180+2"]
[EndTime "13:40:25 PDT"]
[Termination "HansCoolNiemann won by resignation"]

1. e4 e6 2. d4 d5 3. Nc3 Nf6 4. Bg5 dxe4 5. Nxe4 Be7 6. Bxf6 gxf6 7. Nf3 a6 8. Bd3 b6 9. Qe2 Bb7 10. O-O-O Nd7 11. Kb1 c6 12. c4 Qc7 13. Ng3 b5 14.
Rc1 bxc4 15. Bxc4 Nb6 16. Bb3 O-O-O 17. Ne4 Rhg8 18. g3 Nd7 19. Bc4 Qa5 20. Rc3 f5 21.
Ned2 Bb4 22. Rc2 Kb8 23. Rhc1 c5 24. Nb3 Qb6 25. a3 Be4 26. axb4 Qxb4 27. Nfd2 Bxc2+ 28. Rxc2 cxd4 29. Nxd4 Qb6 30. N2f3 Nc5 31. Qe3 Rd6 32.
Ne5 Rgd8 33. Ndc6+ Rxc6 34. Nxc6+ Qxc6 35. Be2 Rc8 36. b4 Qb6 37. Ka2 Nd7 38. Rxc8+ Kxc8 39. Qxb6 Nxb6 40. Bxa6+ Kc7 41. Kb3 Nd5 42. Bd3 Nf6 43. f3 Nd7 44. f4 Nf6 45. Kc4 Ng4 46. h3 Nf2 47. h4 Nh1 48. Kd4 Nxg3 49. Ke5 Nh5 50.
b5 Kb6 51. Kd6 Nxf4 52. Bf1 Nd5 53. Ke5 Kc5 54. h5 h6 55. Bd3 Nc3 56. Kf6 Nxb5 57.
Kg7 e5 58. Kxh6 e4 59. Bf1 f4 60. Kg5 f3 61. Kf4 f5 62. h6 Nd6 63. h7 Nf7 64.
Kxf5 e3 65. Kf6 Nh8 66. Kg7 e2 67. Kxh8 exf1=Q 68. Kg7 Qg2+ 0-1

[Event "*** Titled Tuesday Blitz"]
[Site "Chess.com"]
[Date "2019.05.07"]
[Round "3"]
[White "murmah2003"]
[Black "penguingm1"]
[Result "0-1"]
[WhiteElo "2664"]
[BlackElo "2911"]
[TimeControl "180+2"]
[EndTime "13:40:27 PDT"]
[Termination "penguingm1 won on time"]

1. Nf3 d5 2. d4 Nf6 3. c4 e6 4. Nc3 Be7 5. Bf4 O-O 6. e3 Nbd7 7. Be2 dxc4 8. Bxc4 c5 9. dxc5 Nxc5 10. O-O a6 11. a4 Qxd1 12. Rfxd1 Bd7 13. Ne5 Rfc8 14. a5 Be8 15. Be2 Nb3 16. Ra2 Bb4 17. Bf3 Nxa5 18. Rxa5 Bxa5 19. Bxb7 Rab8 20. Bxc8 Rxc8 21. h3 Bb4 22. Ne2 h6 23. Nd4 a5 24. Nd3 Be7 25.
Ra1 a4 26. Rc1 Ra8 27. Nc5 Nd5 28. Bg3 Nb4 29. Nb7 Bf6 30. Nd6 Nd3 31. Rc2 Bd7 32. Ne4 Bxd4 33. exd4 Rc8 34. Nc5 Bb5 35. f3 Nb4 36. Rd2 Rd8 37. Bc7 Rd5 38. Ba5 Nc6 39. Bc3 e5 40. Ne4 exd4 41. Rd1 f5 42.
Nf2 dxc3 43. Rxd5 cxb2 44. Rxb5 a3 45. Nd1 a2 46. Nxb2 a1=Q+ 47. Kh2 Nd4 48. Rb8+ Kh7 0-1

[Event "*** Titled Tuesday Blitz"]
[Site "Chess.com"]
[Date "2019.05.07"]
[Round "3"]
[White "Firouzja2003"]
[Black "Heineccius"]
[Result "1-0"]
[WhiteElo "3061"]
[BlackElo "2495"]
[TimeControl "180+2"]
[EndTime "13:40:28 PDT"]
[Termination "Firouzja2003 won by resignation"]

1. e4 c5 2. Nc3 e6 3. Nge2 a6 4. d4 cxd4 5. Nxd4 Qc7 6. Bd3 Nf6 7.
O-O Bc5 8. Nb3 Be7 9. a4 Nc6 10.
f4 d6 11. Be3 b6 12. Qe2 O-O 13. g4 Re8 14. g5 Nd7 15. f5 Nde5 16. Rf2 Bf8 17.
Raf1 d5 18. fxe6 fxe6 19. exd5 Nxd3 20. Qxd3 Ne5 21. Qe4 Bb7 22. Bd4 exd5 23. Qf5 Bd6 24. Re2 Re7 25. Qf2 Rae8 26. Bxb6 Qd7 27. Bd4 Ng4 28.
Rxe7 Qxe7 29. Qf5 Nxh2 30. Rf2 Rf8 31. Qxf8+ Qxf8 32. Rxf8+ Kxf8 33. Bc5 Nf3+ 34. Kf2 Bxc5+ 35. Nxc5 d4 36. Ne2 Bc6 37. a5 Nxg5 38. Nxa6 Ne4+ 39.
Ke1 Bb5 40. Nc7 Bxe2 41. Kxe2 Nd6 42. a6 Nc8 43. Nb5 Ke7 44. a7 Nxa7 45. Nxa7 Kd6 46. b4 h5 47. Nb5+ Kd5 48. Kd3 h4 49. Nxd4 g5 50. Nf3 h3 51. c4+ Ke6 52. Nh2 Kf5 53. Ke3 g4 54. Kf2 Kf4 55. Nxg4 Kxg4 56. b5 1-0

[Event "*** Titled Tuesday Blitz"]
[Site "Chess.com"]
[Date "2019.05.07"]
[Round "3"]
[White "MathiasWomacka"]
[Black "stepanosinovsky"]
[Result "0-1"]
[WhiteElo "2228"]
[BlackElo "2382"]
[TimeControl "180+2"]
[EndTime "13:40:31 PDT"]
[Termination "stepanosinovsky won by resignation"]

1. e4 e5 2. Nf3 Nc6 3. Bb5 a6 4. Bxc6 dxc6 5. O-O f6 6. d4 exd4 7. Nxd4 c5 8. Ne2 Qxd1 9. Rxd1 Bd7 10. Nbc3 O-O-O 11. Be3 Bd6 12. Bf4 Bc6 13. Rd2 Ne7 14. Rad1 Be5 15.
f3 Rxd2 16. Rxd2 Rd8 17. Rxd8+ Kxd8 18. Bxe5 fxe5 19. Kf2 b5 20. Nd1 Bd7 21. a3 a5 22.
Ne3 Be6 23. g3 g5 24. f4 gxf4 25. gxf4 exf4 26. Nxf4 Bf7 27. e5 Ng6 28. Nxg6 hxg6 29. Kf3 Ke7 30. Kf4 b4 31. h4 c6 32. Ng4 Ke6 33. Ke4 g5 34. hxg5 Bg6+ 35. Kf4 Bxc2 36. Ne3 Bb1 37. Nc4 a4 38. Nb6 Bc2 39. Nc4 Bd3 40. Nb6 Bc2 41. Nc4 Bb3 42. Nb6 c4 43. axb4 c3 44. bxc3 a3 45. g6 a2 46.
g7 Kf7 47. Nd7 a1=Q 48. Nc5 Qf1+ 49. Ke3 Qe1+ 50. Kd4 Qd1+ 51. Ke4 Bc2+ 52. Kf4 Qd2+ 53. Kf3 Qxc3+ 0-1

[Event "*** Titled Tuesday Blitz"]
[Site "Chess.com"]
[Date "2019.05.07"]
[Round "3"]
[White "NateSolon"]
[Black "Orange_Ghost"]
[Result "0-1"]
[WhiteElo "2524"]
[BlackElo "2660"]
[TimeControl "180+2"]
[EndTime "13:40:38 PDT"]
[Termination "Orange_Ghost won by resignation"]

1. d4 Nf6 2. Bf4 g6 3. Nc3 d5 4. e3 Bg7 5. h4 h5 6. Nf3 O-O 7. Ne5 Bf5 8. Bd3 e6 9. f3 Nbd7 10. Be2 c5 11. Nxd7 Qxd7 12. dxc5 Rfc8 13. e4 dxe4 14.
Qxd7 Nxd7 15. g4 exf3 16. Bb5 Bxg4 17. Bxd7 Rxc5 18. O-O-O Bf5 19. Bd2 Rd8 20. Ba4 Rdc8 21. Be3 Ra5 22. Bb3 b5 23. Rd2 b4 24. Nd1 Re5 25. Bg5 Re2 26. Rxe2 fxe2 27. Ne3 Bd3 28.
Re1 Bb5 29. Ng2 a5 30. a4 bxa3 31. bxa3 a4 32. Ba2 Bd3 33. Bb1 e5 34. Kd2 Ba6 35. Ba2 Bf8 36. c4 Bxa3 37. Rxe2 Bb4+ 38. Kd3 Bd6 39. Ne3 Kg7 40. Nd5 Bb7 41. Rb2 Bc6 42.
Bf6+ Kh7 43. Rb6 a3 44. Ne7 Bxe7 45. Bxe7 Bd7 46. Bf6 Bf5+ 47. Ke3 e4 48. c5 Kg8 49. c6 Be6 50. Kd4 Bxa2 51. Kxe4 Be6 52. Ra6 a2 53.
Ke5 Kf8 54. Kd6 Ke8 55. Ra7 Bf5 56. Ra5 Kf8 57. Ra7 Be4 58. Ra4 Bxc6 59. Rxa2 Be8 60.
Ra7 Rc6+ 61. Ke5 Re6+ 0-1